Map: Overgrown Facility

Players

Zygos

  • Race: Protoss Protoss
  • League: Master
  • Spawn Location: 3:00

lagis

  • Race: Zerg Zerg
  • League: Master
  • Spawn Location: 1:00

PureLegacy - Winner!

  • Race: Terran Terran
  • Spawn Location: 9:00

LOADBLASTER - Winner!

  • Race: Terran Terran
  • League: Grandmaster
  • Spawn Location: 7:00

VOD

Have the link to the VOD?

Description

Time

  • Played on: Dec. 1, 2018, 7:13 p.m.
  • Length: 9:50
Show
View Real Time Build Order
Export as new Build Order

Zygos Protoss 

Build Orders: 1 Gate Expand 

Get SALT Encoding   

  12  0:00  Probe  
  13  0:12  Probe  
  14  0:17  Pylon  
  14  0:25  Probe  
  15  0:35  Probe  
  15  0:36  Gateway  
  16  0:43  Probe  
  17  0:50  Assimilator  
  17  0:53  Probe  
  18  1:05  Probe  
  19  1:21  Probe  
  20  1:29  Cybernetics Core  
  20  1:42  Nexus  
  20  1:46  Probe  
  21  2:01  Assimilator  
  21  2:03  Probe, Pylon  
  22  2:11  Stalker  
  22  2:16  Probe  
  22  2:19  Warp Gate  
  24  2:29  Probe  
  23  2:44  Stalker  
  24  2:52  Probe  
  25  2:59  Probe  
  25  3:04  Probe  
  27  3:10  Stalker  
  27  3:11  Probe  
  28  3:16  Probe  
  31  3:32  Probe  
  31  3:33  Probe  
  33  3:36  Stargate  
  33  3:40  Sentry  
  35  3:48  Probe  
  36  3:56  Gateway, Probe  
  36  3:57  Probe  
  36  3:59  Gateway  
  38  4:08  Probe x2  
  38  4:11  Oracle  
  40  4:19  Probe x2, Pylon  
  46  4:31  Probe  
  46  4:36  Pylon  
  46  4:37  Probe  
  47  4:41  Forge  
  47  4:44  Probe  
  48  4:51  Robotics Facility  
  48  4:52  Probe  
  49  4:54  Pylon  
  49  4:57  Stalker  
  51  5:03  Stalker  
  51  5:06  Protoss Ground Weapons Level 1  
  53  5:08  Stalker  
  53  5:10  Probe  
  53  5:11  Probe  
  57  5:23  Probe  
  58  5:28  Probe  
  58  5:30  Assimilator  
  58  5:31  Assimilator  
  58  5:33  Forge  
  59  5:36  Probe  
  59  5:38  Pylon  
  59  5:40  Probe, Pylon  
  61  5:45  Oracle  
  61  5:48  Probe  
  62  5:53  Pylon  
  62  5:55  Probe  
  66  6:01  Adept x2  
  66  6:02  Zealot  
  69  6:18  Probe  
  69  6:22  Adept  
  69  6:23  Sentry x2  
  76  6:28  Probe  
  77  6:36  Immortal  
  77  6:40  Probe x2  
  77  6:41  Phoenix  
  85  6:52  Probe x2  
  85  6:53  Zealot x2  
  85  6:54  Zealot  
  93  7:01  Nexus  
  93  7:04  Probe  
  94  7:08  Pylon  
  94  7:09  Pylon  
  94  7:10  Pylon  
  94  7:15  Shield Battery  
  94  7:16  Shield Battery  
  94  7:26  Probe x2  
  92  7:33  Zealot x2  
  92  7:34  Stalker  
  96  7:44  Protoss Ground Armor Level 1  
  75  7:53  Probe x2  
  75  7:59  Stalker x2  
  75  8:01  Zealot  
  75  8:05  Probe x2  
  83  8:09  Twilight Council  
  83  8:14  Probe  
  83  8:17  Probe x2  
  83  8:18  Immortal  
  86  8:23  Sentry x3  
  86  8:26  Probe  
  97  8:28  Assimilator  
  97  8:29  Probe x2  
  97  8:32  Assimilator  
  99  8:38  Probe  
  100  8:41  Probe  
  100  8:46  Stalker x3  
  100  8:48  Immortal  
  87  9:22  Probe x2  
  87  9:24  Stalker x3  
  79  9:27  Shield Battery  
Show
View Real Time Build Order
Export as new Build Order

lagis Zerg 

Build Orders: Hatch First 

Get SALT Encoding   

  12  0:00  Drone  
  13  0:12  Overlord  
  13  0:19  Drone  
  14  0:23  Extractor  
  14  0:24  Drone  
  15  0:32  Drone  
  15  0:35  Drone  
  17  0:49  Drone  
  18  0:58  Hatchery  
  17  1:11  Spawning Pool  
  16  1:14  Drone  
  16  1:17  Drone  
  18  1:21  Drone  
  19  1:28  Overlord  
  19  1:48  Hatchery  
  19  1:51  Drone  
  19  1:59  Queen  
  21  2:03  Zergling x2  
  21  2:08  Drone  
  23  2:15  Queen  
  25  2:19  Drone  
  25  2:22  Drone  
  27  2:24  Drone  
  27  2:27  Drone  
  29  2:35  Queen  
  31  2:41  Overlord  
  31  2:49  Drone  
  31  2:50  Queen  
  34  2:54  Drone x2  
  34  2:57  Drone, Extractor  
  36  3:00  Drone  
  37  3:06  Queen  
  37  3:09  Drone  
  40  3:14  Drone x2  
  40  3:17  Drone x2  
  44  3:21  Drone, Extractor  
  44  3:24  Drone  
  44  3:26  Drone  
  47  3:27  Drone  
  47  3:32  Overlord  
  47  3:37  Drone  
  48  3:46  Drone x2  
  50  3:49  Overlord x2  
  50  3:54  Overlord  
  50  3:55  Drone x3  
  53  3:56  Metabolic Boost  
  53  4:03  Evolution Chamber  
  53  4:05  Evolution Chamber  
  53  4:06  Drone  
  53  4:07  Drone x2  
  54  4:16  Zergling x6  
  54  4:17  Zergling x4  
  59  4:22  Drone x4  
  63  4:26  Extractor x2  
  63  4:30  Zerg Melee Weapons Level 1  
  61  4:39  Drone  
  61  4:40  Drone x7  
  61  4:44  Zerg Ground Armor Level 1  
  69  5:02  Baneling Nest  
  68  5:13  Zergling x16  
  68  5:14  Zergling x4  
  78  5:25  Lair  
  78  5:26  Drone  
  78  5:27  Drone x3  
  78  5:28  Overlord x3  
  82  5:44  Overlord x4, Extractor  
  82  5:46  Extractor  
  80  5:51  Baneling x10  
  80  5:52  Drone  
  80  5:53  Drone x2  
  83  6:00  Zergling x2  
  83  6:01  Zergling x6  
  87  6:12  Zergling x12  
  85  6:35  Centrifical Hooks, Baneling x3  
  85  6:36  Baneling  
  85  6:37  Zergling x22  
  91  6:40  Baneling x3  
  91  6:46  Zergling x2  
  92  6:47  Zergling x6  
  88  6:57  Zergling x8  
  87  7:09  Zergling x14  
  87  7:11  Zerg Melee Weapons Level 2, Zerg Ground Armor Level 2  
  87  7:14  Drone x3  
  97  7:22  Zergling x2  
  97  7:23  Zergling x10  
  97  7:26  Baneling x10  
  99  7:50  Zergling x26  
  112  7:59  Zergling x4  
  105  8:08  Zergling x8  
  105  8:11  Baneling x2  
  105  8:12  Baneling  
  98  8:23  Drone x3  
  98  8:24  Drone x3  
  102  8:29  Baneling x4  
  102  8:30  Baneling x9  
  102  8:33  Hydralisk Den  
  93  8:39  Zergling x16  
  93  8:40  Hatchery  
  93  8:41  Queen x2  
  87  8:54  Zergling x12  
  90  9:00  Baneling  
  90  9:04  Hydralisk, Zergling x2  
  90  9:07  Zergling x2  
  89  9:24  Hydralisk x4, Zergling x6  
  72  9:25  Zergling x2  
  72  9:30  Baneling x3  
  82  9:31  Zergling x2  
Show
View Real Time Build Order
Export as new Build Order

PureLegacy Terran - Winner!

Build Orders: Reaper Expand 

Get SALT Encoding   

  12  0:00  SCV  
  13  0:13  SCV  
  14  0:18  Supply Depot  
  14  0:25  SCV  
  15  0:40  SCV  
  15  0:41  Barracks  
  16  0:47  Refinery  
  16  0:52  SCV  
  17  1:07  SCV  
  18  1:19  SCV  
  19  1:35  Reaper  
  19  1:36  Orbital Command  
  20  1:50  Command Center  
  20  2:01  Supply Depot  
  20  2:05  SCV  
  21  2:08  Barracks Reactor  
  21  2:23  SCV  
  21  2:24  Barracks  
  21  2:25  Barracks  
  22  2:42  SCV  
  23  2:44  Supply Depot  
  23  2:47  Marine x2  
  25  2:55  SCV  
  26  3:05  Marine x2  
  28  3:11  SCV, Orbital Command  
  29  3:14  Barracks Tech Lab  
  29  3:15  Refinery, Marine  
  30  3:22  Marine  
  30  3:23  Marine, SCV  
  33  3:33  Marine x2  
  35  3:35  SCV  
  35  3:38  SCV  
  37  3:43  Stimpack  
  37  3:45  Marine x2  
  37  3:47  SCV  
  40  3:50  SCV  
  40  3:51  Marine x2  
  43  4:00  SCV  
  43  4:02  SCV  
  45  4:03  Factory, Marine x2  
  47  4:10  Marine x2  
  47  4:12  SCV  
  47  4:14  SCV  
  47  4:16  Engineering Bay  
  51  4:21  Supply Depot  
  51  4:24  SCV  
  52  4:25  Engineering Bay  
  52  4:27  SCV  
  54  4:39  Supply Depot  
  54  4:40  SCV  
  54  4:43  SCV  
  54  4:44  Barracks  
  54  4:45  Barracks Reactor  
  55  4:46  Barracks  
  55  4:48  Supply Depot  
  55  4:52  Factory Reactor, Starport, SCV  
  56  4:55  Terran Infantry Weapons Level 1  
  56  4:57  SCV  
  57  5:04  Refinery x2, SCV  
  58  5:09  SCV  
  58  5:10  Supply Depot  
  59  5:16  Marine x3  
  59  5:19  SCV  
  63  5:21  SCV  
  64  5:31  Marine x2, SCV  
  64  5:34  Barracks Reactor x2  
  67  5:36  Factory Tech Lab  
  67  5:38  SCV  
  67  5:41  Supply Depot  
  68  5:43  Supply Depot  
  68  5:45  Medivac x2  
  72  5:51  Marine x5  
  72  5:52  Combat Shield  
  77  5:57  Supply Depot  
  77  6:08  Siege Tank  
  77  6:09  Marine x5  
  84  6:11  Missile Turret  
  84  6:14  Missile Turret  
  84  6:25  Medivac x2, Supply Depot  
  86  6:26  Supply Depot  
  86  6:38  Marine x6  
  89  6:42  Siege Tank  
  92  6:49  Terran Infantry Armor Level 1  
  86  6:58  Marine x4  
  86  6:59  Marine x2  
  92  7:03  Medivac x2  
  83  7:09  Marine x3  
  86  7:16  Marine x5  
  86  7:17  Marine  
  92  7:26  Marine x2  
  92  7:27  Marine  
  92  7:28  Siege Tank  
  98  7:33  Liberator, Supply Depot  
  98  7:34  Marine x2  
  100  7:41  Marine  
  100  7:42  Marine x3  
  100  7:47  Marine x3  
  98  7:51  Marine  
  98  7:52  Marine  
  100  7:59  Marine x2  
  99  8:10  Liberator, Marine x2  
  99  8:11  Marine  
  101  8:15  Liberator  
  101  8:18  Marine x3  
  101  8:19  Marine x2  
  100  8:21  Marine  
  100  8:25  Siege Tank  
  102  8:28  Marine x2  
  102  8:30  Marine  
  111  8:40  Marine x3  
  108  8:48  Marine  
  108  8:49  Marine x3  
  106  8:57  Marine x3  
  106  8:58  Marine x2  
  111  9:06  Marine x3  
  111  9:09  Marine  
  115  9:14  Marine x2, Siege Tank  
  121  9:22  Marine x2  
  121  9:23  Marine  
  115  9:24  Marine x2  
Show
View Real Time Build Order
Export as new Build Order

LOADBLASTER Terran - Winner!

Build Orders: Reaper Expand 

Get SALT Encoding   

  12  0:01  SCV  
  13  0:13  SCV  
  14  0:19  Supply Depot  
  14  0:25  SCV  
  15  0:40  SCV  
  16  0:46  Barracks  
  16  0:49  Refinery  
  16  0:53  SCV  
  17  1:05  SCV  
  18  1:17  SCV  
  19  1:33  Reaper, Orbital Command  
  20  1:54  Command Center  
  20  1:57  Supply Depot  
  20  2:00  SCV  
  21  2:05  Marine  
  22  2:13  SCV  
  23  2:20  Factory  
  23  2:25  SCV  
  23  2:27  Barracks Reactor  
  24  2:32  Refinery  
  24  2:37  SCV  
  25  2:49  SCV  
  26  3:01  SCV  
  27  3:08  Factory  
  27  3:10  Hellion x2  
  31  3:13  Barracks Tech Lab  
  31  3:15  SCV  
  31  3:16  Orbital Command  
  32  3:27  SCV  
  32  3:31  Hellion  
  32  3:32  Hellion  
  36  3:39  SCV  
  37  3:42  SCV  
  37  3:46  Supply Depot  
  38  3:51  SCV  
  38  3:53  Factory  
  38  3:54  Barracks Tech Lab, SCV  
  40  3:56  Infernal Pre-Igniter  
  40  4:02  Hellion  
  42  4:03  SCV  
  42  4:05  Hellion  
  42  4:06  SCV  
  46  4:11  Supply Depot  
  46  4:15  SCV  
  49  4:18  SCV  
  49  4:19  Cyclone  
  51  4:26  Refinery  
  51  4:28  SCV  
  51  4:31  SCV  
  53  4:35  Supply Depot  
  53  4:36  Hellion  
  55  4:40  SCV  
  55  4:43  SCV  
  57  4:50  Mag-Field Accelerator  
  57  4:51  Cyclone  
  57  4:52  SCV  
  61  4:56  SCV  
  62  5:04  Cyclone  
  62  5:05  Supply Depot x2, Hellion  
  69  5:07  Hellion  
  69  5:09  SCV  
  70  5:26  Cyclone  
  70  5:27  Hellion  
  75  5:33  Command Center  
  75  5:36  Cyclone  
  75  5:38  SCV x2  
  75  5:39  Refinery  
  80  5:44  Supply Depot  
  80  5:51  Hellion x2  
  84  6:01  Factory  
  84  6:02  Factory  
  84  6:03  SCV x2  
  85  6:15  SCV x2  
  82  6:27  SCV x2  
  82  6:36  Cyclone  
  82  6:39  SCV  
  86  6:40  Cyclone, SCV  
  86  6:47  Factory Tech Lab x2, Supply Depot  
  89  6:48  Orbital Command  
  89  6:51  SCV  
  91  7:03  Hellion  
  91  7:04  SCV  
  93  7:08  Cyclone, Supply Depot  
  93  7:09  Cyclone  
  93  7:10  Supply Depot  
  93  7:11  Cyclone  
  93  7:12  SCV  
  103  7:16  Cyclone  
  103  7:21  SCV  
  103  7:22  SCV  
  97  7:33  Hellion  
  97  7:37  Hellion  
  101  7:38  SCV x2  
  101  7:40  Cyclone  
  101  7:41  Cyclone  
  109  7:45  Cyclone  
  109  7:47  SCV  
  109  7:49  Cyclone  
  110  7:57  Hellion  
  105  7:58  SCV  
  105  7:59  SCV  
  105  8:03  SCV  
  106  8:06  Refinery x2  
  106  8:10  SCV  
  106  8:11  SCV  
  98  8:13  Cyclone x2  
  98  8:15  SCV  
  98  8:17  Cyclone  
  102  8:22  Hellion  
  102  8:23  SCV x2  
  102  8:26  Hellion  
  106  8:30  Cyclone  
  109  8:45  Cyclone  
  112  8:52  Cyclone x2  
  112  8:54  Hellion  
  116  9:00  Command Center  
  116  9:01  Hellion  
  116  9:02  Cyclone  
  102  9:17  Cyclone, Hellion  
  102  9:21  Barracks  
  104  9:25  Hellion  
  104  9:26  Starport  
  104  9:28  Starport  
  104  9:30  Starport  
Tags
 
Add a new tag
Caveats
  • Supply blocks, unpowered buildings, or Contaminate may cause inaccurate times.
  • Supply counts are checked every 10 seconds.